Map: [EWC] Oceanborn

Players

Astrea

  • Race: Protoss Protoss
  • Spawn Location: 5:00

Solar - Winner!

  • Race: Zerg Zerg
  • Spawn Location: 11:00

Event: Esports World Cup 2024

VOD

Have the link to the VOD?

Description

Time

  • Played on: Aug. 17, 2024, 5:16 a.m.
  • Length: 11:55

All games in this series

Show
View Real Time Build Order
Export as new Build Order

Astrea Protoss 

Build Orders: Nexus First, Oracle Opening, Zealot Archon 

Get SALT Encoding   

  12  0:00  Probe  
  13  0:12  Probe  
  14  0:17  Pylon  
  14  0:24  Probe  
  15  0:36  Probe  
  16  0:48  Probe  
  17  0:57  Nexus  
  17  1:07  Gateway  
  17  1:10  Probe (Chrono Boost)  
  18  1:16  Assimilator  
  18  1:22  Probe (Chrono Boost)  
  18  1:23  Assimilator  
  19  1:27  Probe (Chrono Boost)  
  20  1:37  Probe  
  20  1:39  Gateway  
  21  1:49  Probe  
  22  1:54  Cybernetics Core  
  23  2:03  Pylon, Probe (Chrono Boost)  
  23  2:08  Probe (Chrono Boost)  
  25  2:18  Probe x2 (Chrono Boost)  
  26  2:23  Probe (Chrono Boost)  
  26  2:25  Probe  
  26  2:28  Adept x2 (Chrono Boost)  
  28  2:32  Warp Gate  
  32  2:37  Probe x2  
  34  2:44  Stargate  
  34  2:49  Probe x2  
  36  2:55  Stalker  
  38  3:01  Probe  
  38  3:04  Probe  
  40  3:07  Pylon  
  40  3:13  Probe  
  40  3:16  Probe  
  42  3:25  Oracle (Chrono Boost), Probe  
  43  3:28  Probe  
  47  3:37  Probe  
  47  3:40  Nexus, Probe  
  49  3:42  Pylon  
  49  3:50  Probe  
  49  3:52  Oracle (Chrono Boost), Probe  
  53  4:02  Probe  
  54  4:04  Probe  
  54  4:05  Assimilator  
  54  4:07  Assimilator  
  55  4:14  Probe  
  55  4:15  Pylon  
  55  4:16  Probe  
  57  4:25  Forge  
  57  4:26  Pylon, Twilight Council, Probe (Chrono Boost)  
  57  4:28  Phoenix  
  57  4:29  Probe (Chrono Boost)  
  61  4:37  Adept x2  
  61  4:38  Probe (Chrono Boost)  
  66  4:40  Probe (Chrono Boost)  
  66  4:44  Probe (Chrono Boost)  
  68  4:45  Probe (Chrono Boost)  
  68  4:52  Probe  
  69  4:53  Probe  
  69  4:55  Probe  
  69  4:59  Protoss Ground Weapons Level 1 (Chrono Boost)  
  72  5:02  Gateway  
  72  5:05  Gateway, Probe (Chrono Boost)  
  72  5:06  Probe (Chrono Boost)  
  74  5:09  Probe (Chrono Boost)  
  75  5:17  Probe (Chrono Boost)  
  75  5:18  Templar Archives  
  78  5:21  Probe (Chrono Boost)  
  78  5:24  Charge  
  78  5:25  Probe (Chrono Boost)  
  78  5:26  Probe (Chrono Boost)  
  78  5:28  Robotics Facility  
  80  5:29  Probe (Chrono Boost)  
  80  5:31  Assimilator  
  80  5:35  Assimilator, Probe x3 (Chrono Boost)  
  83  5:43  Probe x2  
  83  5:44  Probe  
  86  5:54  High Templar x2  
  86  5:55  Probe x2  
  86  5:56  Probe  
  93  5:58  Gateway x2  
  93  5:59  Gateway, Archon  
  93  6:01  Gateway  
  93  6:03  Pylon x2  
  93  6:06  Pylon  
  93  6:10  Pylon  
  93  6:16  Pylon  
  93  6:17  Pylon  
  93  6:20  Warp Prism (Chrono Boost)  
  95  6:28  Zealot x2, High Templar x2  
  95  6:31  Robotics Facility  
  103  6:33  Photon Cannon  
  103  6:34  Archon  
  103  6:35  Pylon  
  103  6:49  Observer  
  103  6:51  Zealot x2  
  103  6:54  Protoss Ground Weapons Level 2 (Chrono Boost)  
  104  6:55  Zealot x3  
  110  7:04  Blink  
  110  7:06  Observer  
  110  7:08  Phoenix  
  113  7:09  Zealot x3, Pylon  
  113  7:11  Pylon  
  113  7:12  High Templar  
  113  7:13  High Templar  
  123  7:16  Zealot x3  
  123  7:18  Archon  
  133  7:23  Pylon  
  133  7:24  Pylon  
  133  7:26  Immortal (Chrono Boost)  
  133  7:29  Zealot x3  
  121  7:44  Phoenix  
  121  7:47  Photon Cannon  
  121  7:50  Photon Cannon  
  113  7:53  High Templar x2  
  113  7:55  Shield Battery  
  113  7:56  Immortal (Chrono Boost), Photon Cannon  
  121  8:05  Zealot x6  
  133  8:19  Phoenix  
  135  8:24  Shield Battery  
  135  8:26  Photon Cannon  
  131  8:31  Immortal (Chrono Boost)  
  131  8:32  Stalker x7  
  141  8:44  Probe x2, Phoenix  
  141  8:45  Probe  
  141  8:46  Photon Cannon  
  146  8:48  High Templar  
  147  8:56  Probe  
  147  8:57  Probe  
  141  9:04  Stalker x4  
  141  9:09  Stalker  
  137  9:18  Stalker x2  
  137  9:22  Archon  
  127  9:32  Phoenix (Chrono Boost)  
  129  9:42  Zealot  
  129  9:43  Zealot x7  
  145  9:47  Nexus  
  145  9:50  Phoenix (Chrono Boost)  
  146  9:58  Pylon  
  146  10:00  Probe x2  
  146  10:06  Shield Battery  
  148  10:08  Probe, Photon Cannon  
  149  10:21  Stalker x6  
  161  10:31  Phoenix, Pylon  
  161  10:33  Pylon  
  159  10:36  Probe, Immortal (Chrono Boost)  
  159  10:37  Probe x2  
  164  10:48  Probe  
  164  10:49  Probe  
  166  10:55  Zealot x8  
  166  10:56  Phoenix  
  168  10:59  Zealot x5  
  168  11:00  Zealot x3  
  168  11:01  Probe  
  126  11:13  Immortal (Chrono Boost)  
  126  11:20  Stalker x5  
  110  11:35  High Templar x3  
  120  11:51  Archon  
  120  11:52  Zealot x3  
Show
View Real Time Build Order
Export as new Build Order

Solar Zerg - Winner!

Build Orders: Hatch First 

Get SALT Encoding   

  12  0:00  Drone  
  13  0:12  Overlord  
  13  0:17  Drone  
  14  0:30  Drone x2  
  16  0:47  Hatchery  
  15  0:51  Drone  
  15  0:54  Drone  
  17  0:57  Drone  
  18  1:08  Extractor  
  17  1:13  Spawning Pool  
  17  1:15  Drone  
  17  1:19  Drone  
  18  1:27  Drone  
  19  1:39  Drone  
  20  1:50  Overlord  
  20  2:00  Queen x2  
  20  2:01  Zergling x4  
  26  2:11  Drone x2  
  26  2:12  Metabolic Boost  
  28  2:20  Drone  
  28  2:22  Drone  
  30  2:34  Hatchery  
  30  2:36  Drone  
  30  2:43  Queen  
  32  2:47  Overlord  
  32  2:50  Drone  
  34  2:51  Drone  
  34  2:54  Zergling x2  
  34  2:56  Zergling x2  
  36  3:05  Queen  
  38  3:06  Drone  
  38  3:07  Drone  
  38  3:09  Drone  
  38  3:12  Drone  
  42  3:15  Overlord  
  42  3:21  Queen  
  44  3:28  Spore Crawler  
  44  3:29  Drone  
  44  3:34  Drone x3  
  44  3:40  Drone x3  
  50  3:45  Overlord  
  50  3:46  Queen  
  52  3:52  Queen  
  52  3:53  Drone  
  52  3:55  Drone  
  55  4:01  Drone x3  
  57  4:04  Spore Crawler  
  57  4:05  Drone x2  
  57  4:09  Overlord  
  58  4:12  Drone x2  
  58  4:15  Drone  
  61  4:18  Overlord  
  61  4:19  Drone x2  
  63  4:27  Overlord  
  63  4:28  Zergling x2  
  63  4:29  Zergling x2  
  65  4:34  Drone x3  
  69  4:38  Zergling x4  
  69  4:39  Roach Warren  
  69  4:42  Drone x2  
  69  4:43  Drone x3  
  74  4:45  Extractor  
  74  4:46  Drone  
  74  4:53  Lair  
  74  4:56  Drone x2  
  74  4:58  Drone  
  74  4:59  Drone x3  
  78  5:05  Overlord  
  78  5:06  Drone x2  
  78  5:07  Evolution Chamber  
  79  5:08  Extractor  
  79  5:09  Drone  
  79  5:15  Zergling x4, Extractor x2  
  79  5:16  Zergling x2  
  79  5:17  Zergling x2  
  79  5:20  Hatchery  
  79  5:22  Drone x2  
  79  5:24  Drone x2  
  79  5:25  Extractor  
  79  5:26  Overlord  
  82  5:28  Drone  
  82  5:30  Overlord  
  82  5:35  Drone x3  
  86  5:38  Drone  
  86  5:42  Drone x4  
  90  5:45  Drone x4  
  94  5:52  Drone  
  95  6:00  Overseer, Overlord  
  100  6:04  Roach x5  
  100  6:05  Glial Reconstitution  
  104  6:11  Drone  
  104  6:16  Overlord, Spire  
  104  6:18  Overlord  
  104  6:19  Extractor x2, Roach  
  104  6:25  Drone x6  
  103  6:30  Overlord  
  104  6:33  Roach x4  
  104  6:34  Drone  
  104  6:36  Spore Crawler  
  104  6:39  Overlord  
  110  6:42  Drone  
  110  6:43  Drone  
  110  6:44  Drone  
  110  6:46  Roach  
  113  6:49  Roach x3  
  113  6:50  Drone x2  
  113  6:51  Overlord  
  119  6:54  Drone  
  119  6:55  Drone  
  119  6:57  Overlord  
  119  6:59  Zergling x2  
  121  7:01  Ravager  
  121  7:02  Zergling x8  
  121  7:06  Roach x3  
  131  7:09  Overlord  
  131  7:11  Roach x2  
  131  7:13  Overlord  
  135  7:16  Overseer  
  135  7:19  Zergling x6, Overlord  
  135  7:22  Roach  
  140  7:25  Roach x2  
  143  7:35  Mutalisk x5  
  141  7:37  Mutalisk  
  141  7:39  Mutalisk  
  141  7:43  Mutalisk  
  144  7:47  Mutalisk x3  
  150  7:52  Mutalisk  
  150  7:53  Mutalisk  
  150  7:56  Mutalisk x2  
  159  7:58  Drone  
  159  8:00  Zerg Flyer Weapons Level 1  
  155  8:07  Drone x2  
  155  8:08  Zergling x8  
  155  8:12  Drone  
  161  8:15  Drone  
  161  8:17  Mutalisk x3  
  168  8:22  Mutalisk x2  
  168  8:24  Drone  
  168  8:25  Overlord  
  168  8:26  Drone  
  174  8:33  Mutalisk x2  
  178  8:38  Mutalisk  
  178  8:41  Overlord  
  178  8:42  Overlord  
  178  8:46  Hatchery, Zerg Melee Weapons Level 1, Mutalisk  
  177  8:49  Drone  
  177  8:50  Drone  
  177  8:51  Baneling Nest  
  177  8:53  Zergling x8  
  182  8:56  Overlord  
  182  8:58  Drone x2  
  182  8:59  Mutalisk  
  182  9:00  Drone  
  182  9:01  Mutalisk  
  174  9:03  Drone  
  174  9:04  Drone  
  174  9:08  Mutalisk x2  
  180  9:10  Zergling x2  
  180  9:11  Drone  
  180  9:13  Mutalisk  
  175  9:19  Mutalisk  
  175  9:23  Zergling x14  
  180  9:29  Mutalisk x3  
  165  9:36  Centrifugal Hooks  
  165  9:37  Roach x2  
  169  9:43  Roach  
  169  9:44  Roach x5  
  181  9:48  Zergling x4, Ravager  
  181  9:51  Zergling x2  
  185  9:55  Zergling x2  
  185  9:57  Ravager x3  
  185  9:59  Zergling x6  
  192  10:04  Zergling x4  
  192  10:07  Ravager x2  
  194  10:09  Zergling x4  
  195  10:15  Zergling x6  
  195  10:21  Zergling x6  
  199  10:23  Baneling x6  
  199  10:24  Baneling x10  
  195  10:39  Zergling x8  
  199  10:44  Zergling x2  
  185  10:58  Zergling x16  
  185  10:59  Zergling x22  
  185  11:01  Roach x2  
  185  11:02  Roach  
  196  11:05  Roach  
  196  11:07  Roach  
  195  11:13  Roach x3  
  195  11:15  Baneling x10  
  195  11:16  Ravager  
  197  11:21  Roach x6  
  197  11:24  Roach  
  197  11:26  Zergling x2  
  197  11:27  Zergling x6  
  197  11:31  Roach  
  192  11:33  Baneling x5  
  192  11:34  Baneling x9, Ravager  
  192  11:35  Zergling x8, Ravager  
  192  11:38  Ravager  
  192  11:39  Baneling x8  
Tags
 
Add a new tag
Caveats
  • Supply blocks, unpowered buildings, or Contaminate may cause inaccurate times.
  • Supply counts are checked every 10 seconds.